 Dungeon Crawl Stone Soup version 0.25.1-2-g60ff931df9 (webtiles) character file.

Game seed: 15492374373949150868

235 KyoPewz the Skirmisher (level 6, -3/67 HPs)
             Began as an Ogre Berserker on Oct 5, 2020.
             Was a Believer of Trog.
             Killed from afar by an orc wizard (10 damage)
             ... with a puff of flame
             ... on level 4 of the Dungeon.
             The game lasted 00:05:57 (3912 turns).

KyoPewz the Skirmisher (Ogre Berserker)             Turns: 3912, Time: 00:05:58

Health: -3/67      AC:  3    Str: 24    XL:     6   Next: 5%
Magic:  6/6        EV: 10    Int:  8    God:    Trog [**....]
Gold:   111        SH:  0    Dex:  8    Spells: 5/5 levels left

rFire    . . .     SeeInvis .   a - +0 mace
rCold    . . .     Gourm    .   (no shield)
rNeg     . . .     Faith    .   b - +0 animal skin
rPois    .         Spirit   .   (helmet restricted)
rElec    .         Reflect  .   (no cloak)
rCorr    .         Harm     .   (gloves unavailable)
MR       ++...                  (boots unavailable)
Stlth    +.........             (no amulet)
HPRegen  1.21/turn              (no ring)
MPRegen  0.10/turn              (no ring)

@: lethally poisoned (-3 -> -4), berserk cooldown, regenerating, slowed, very
slow
A: large, unfitting armour, tough skin 1
a: Berserk, Trog's Hand, Renounce Religion


You were on level 4 of the Dungeon.
You worshipped Trog.
Trog was pleased with you.
You were hungry.

You visited 1 branch of the dungeon, and saw 4 of its levels.

You collected 111 gold pieces.

Inventory:

Hand Weapons
 a - a +0 mace (weapon)
Armour
 b - a +0 animal skin (worn)
Jewellery
 h - an uncursed ring of flight {unknown}
   (You found it on level 1 of the Dungeon)
Scrolls
 c - 4 scrolls of identify {unknown}
 d - a scroll of magic mapping {unknown}
 f - a scroll of enchant weapon {unknown}
 g - 2 scrolls of teleportation {unknown}
 i - a scroll of noise {unknown}
 m - a scroll of remove curse {unknown}
 o - a scroll of fear {unknown}
Potions
 j - 2 potions of berserk rage {unknown}
 k - a potion of invisibility {unknown}
 l - a potion of stabbing {unknown}
 n - a potion of degeneration {unknown}
 q - a potion of flight {unknown}
Comestibles
 e - 3 rations {!d}


   Skills:
 + Level 5.9 Fighting
 * Level 5.1 Maces & Flails
 - Level 2.6 Dodging


You had 5 spell levels left.
You didn't know any spells.
Your spell library was empty.

Dungeon Overview and Level Annotations

Branches:
Dungeon (4/15)
 Temple: D:4-7

Altars:
Elyvilon
Trog


Innate Abilities, Weirdness & Mutations

You are too large for most types of armour.
You have tough skin. (AC +1)


Message History

Increase (S)trength, (I)ntelligence, or (D)exterity?
You feel stronger. x2
The orc priest calls down the wrath of Beogh upon you.
Pain shoots through your body! The leopard gecko barely misses you.
You sock the leopard gecko!
You kill the leopard gecko!
Trog accepts your kill.
You are no longer berserk.
Trog's vigour flows through your veins.
You are exhausted.
You feel yourself slow down.
You are feeling hungry.
The orc throws a boomerang of dispersal.
The boomerang of dispersal barely misses you.
The orc wizard looks satisfied for a moment.
You closely miss the orc priest. The orc wizard barely misses you.
A hound comes into view.
A worker ant comes into view.
The orc wizard barely misses you.
The orc priest calls down the wrath of Beogh upon you.
Pain shoots through your body!
An orc comes into view. It is wielding a +0 short sword.
The orc wizard misses you. The orc hits you.
The orc priest hits you with a +0 whip!
The hound moves out of view.
Okay, then.
The orc wizard hits you with a +0 dagger.
The orc priest calls down the wrath of Beogh upon you.
Beogh smites you!
* * * LOW HITPOINT WARNING * * *
The orc wizard hits you but does no damage.
A worker ant comes into view.
The worker ant twitches its antennae in your direction.
The hound completely misses you. The orc wizard completely misses you.
The hound closely misses you.
The orc priest mumbles some strange prayers to Beogh against you.
Beogh smites you!
* * * LOW HITPOINT WARNING * * *
The worker ant bites you.
* * * LOW HITPOINT WARNING * * *
The orc wizard closely misses you. The worker ant closely misses you.
The orc wizard barely misses you.
Your skin crawls.
You feel resistant to hostile enchantments.
You feel somewhat more hungry. The orc wizard barely misses you.
The worker ant closely misses you. The worker ant bites you.
* * * LOW HITPOINT WARNING * * *
You are poisoned.
The worker ant poisons you! The orc wizard casts a spell at you.
The puff of flame hits you!
You die...

#.. .. #.. . .
#..#. #####..
##...# .....+
#..#.# .....#
#..###.....#
#)#Soa#...#..
####.oh#@a......
.##...ooo#........
........<.##...#...
.o#..[....# .#.# ##
#.......# ##...
##......# .##
#......# # #.......
#.......


You could see 2 worker ants, an orc wizard (fast) and an adder.

Vanquished Creatures
  A crimson imp (D:3)
  An orc priest (D:4)
  An iguana (D:2)
  A worker ant zombie (D:3)
  4 adders
  2 oozes
  3 worms
  2 dart slugs (D:1)
  4 leopard geckos
  3 orcs (D:3)
  A ball python (D:1)
  4 giant cockroaches
  4 goblins
  10 hobgoblins
  9 jackals
  5 kobolds
  2 quokkas (D:3)
  4 bats
  3 frilled lizards
  8 rats
72 creatures vanquished.

Notes
Turn   | Place    | Note
-------+----------+-------------------------------------------
     0 | D:1      | KyoPewz the Ogre Berserker began the quest for the Orb.
     0 | D:1      | Reached XP level 1. HP: 24/24 MP: 1/1
   216 | D:1      | Reached XP level 2. HP: 10/32 MP: 2/2
   698 | D:1      | Reached XP level 3. HP: 40/40 MP: 3/3
  1492 | D:2      | Found a bloodstained altar of Trog.
  1837 | D:3      | Reached XP level 4. HP: 32/49 MP: 4/4
  2010 | D:3      | Reached ** piety under Trog
  2070 | D:3      | Reached skill level 5 in Fighting
  2619 | D:2      | Reached XP level 5. HP: 17/57 MP: 5/5
  3817 | D:3      | Found a white marble altar of Elyvilon.
  3905 | D:4      | Reached skill level 5 in Maces & Flails
  3905 | D:4      | Reached XP level 6. HP: 67/67 MP: 6/6
  3912 | D:4      | Killed from afar by an orc wizard

Illustrated notes

Levels and vault maps discovered:
D:1:      elethiomel_arrival_maze, layout_basic
D:2:      layout_loops_ring, bloody_trog
D:3:      layout_basic, lemuel_coloured_pillars_altar, kennysheep_generic_room_5
D:4:      layout_rooms, kennysheep_okawaru_gauntlet,
          nicolae_overflow_crystal_walls, serial_shops, nicolae_shop_crystal,
          first_ration, minmay_fractal_squares_diagonal_5

Skill      XL: |  1  2  3  4  5 |
---------------+----------------+-----
Maces & Flails | 3 4 5 |  5.1
Fighting       | 5 |  5.9
Dodging        | |  2.6

Action                   |  1- 3 |  4- 6 || total
-------------------------+-------+-------++-------
Melee: Mace              |    97 |   151 ||   248
Invok: Trog's Hand       |       |     4 ||     4
       Berserk           |       |     2 ||     2
  Eat: Chunk             |     3 |     9 ||    12
Armor: Animal skin       |    16 |    47 ||    63
Dodge: Dodged            |    47 |   119 ||   166
